 Dungeon Crawl Stone Soup version 0.19-a0-347-g6bb00b2 (webtiles) character file.

26 vev the Stinger (level 2, 0/19 HPs)
             Began as a Vampire Venom Mage on May 29, 2016.
             Was an Initiate of Makhleb.
             Slain by a worm (12 damage)
             ... on level 2 of the Dungeon.
             The game lasted 00:03:52 (1170 turns).

vev the Stinger (Vampire Venom Mage)                Turns: 1170, Time: 00:03:53

Health: 0/19       AC:  3    Str:  7    XL:     2   Next: 89%
Magic:  0/5        EV: 12    Int: 17    God:    Makhleb [......]
Gold:   43         SH:  0    Dex: 14    Spells: 1 memorised, 4 levels left

rFire  . . .     SeeInvis +     e - +0 mace
rCold  + . .     Gourm    .     a - +0 robe
rNeg   + + .     Faith    .     (no shield)
rPois  +         Spirit   .     (no helmet)
rElec  .         Dismiss  .     (no cloak)
rCorr  .         Reflect  .     (no gloves)
SustAt .         Harm     .     j - +0 pair of boots
MR     .....                    (no amulet)
Stlth  +++.......               (no ring)
                                d - ring of poison resistance

@: very slightly contaminated, regenerating slowly, not resistant to hostile
enchantments, fairly stealthy
A: fangs 3, see invisible, unbreathing
a: Renounce Religion


You were on level 2 of the Dungeon.
You worshipped Makhleb.
Makhleb was noncommittal.
You were very thirsty.

You visited 1 branch of the dungeon, and saw 2 of its levels.

You collected 43 gold pieces.

Inventory:

Hand Weapons
 e - a +0 mace (weapon)
Armour
 a - a +0 robe (worn)
 j - a +0 pair of boots (worn)
Jewellery
 d - a ring of poison resistance (left hand)
 f - an uncursed amulet of faith {unknown}
Scrolls
 h - a scroll of fear {unknown}
Potions
 c - 4 potions of blood
 g - a potion of haste {unknown}
 i - 3 potions of heal wounds {unknown}
 k - a potion of lignification {unknown}
Books
 b - a Young Poisoner's Handbook

   Spells                             Type                      Level
   a - Sting                          Conjuration/Poison           1
   b - Cure Poison                    Poison                       2
   c - Mephitic Cloud                 Conjuration/Poison/Air       3
   d - Olgreb's Toxic Radiance        Poison                       4
   e - Venom Bolt                     Conjuration/Poison           5


   Skills:
 - Level 2.1 Dodging
 + Level 3.7 Stealth
 + Level 2.2 Spellcasting
 + Level 1.0 Conjurations
 + Level 3.7 Poison Magic


You had 4 spell levels left.
You knew the following spells:

 Your Spells              Type           Power        Failure   Level  Hunger
a - Sting                 Conj/Pois      ##..         10%         1    #......


Dungeon Overview and Level Annotations

Branches:
Dungeon (2/15)

Altars:
Makhleb

Annotations:
D:2 Sigmund


Innate Abilities, Weirdness & Mutations

You heal slowly.
You have razor-sharp teeth.
You have supernaturally acute eyesight. (SInv)
You can survive without breathing.


Message History

Press: ? - help, Shift-Dir - straight line, f/p - worm
Aim: a worm (moderately wounded, poisoned)
The sting hits the worm.
The worm is moderately wounded.
Casting: Sting
Confirm with . or Enter, or press ? or * to list all spells.
You don't have enough magic to cast that spell.
The worm looks more healthy.
Casting: Sting
Confirm with . or Enter, or press ? or * to list all spells.
Aiming: Sting
Press: ? - help, Shift-Dir - straight line, f/p - worm
Aim: a worm (heavily wounded)
The sting misses the worm.
The worm bites you.
You hit the worm.
The worm is moderately wounded.
The worm bites you!
Ouch! That really hurt!
You die...

### ###########.#
#...........# #.#########.#
##### #.### #.# #... #...#
#.#######.#####.# .._.#
#.....@w......... ....#
#########.#####. ...## #.#
#.########## #.#
...........?...............
#.....#######.##.###.....##
#......# .) ..+.....#
.......... ... #.#.....+
#....#..## .## #.#.....#


You could see a worm.

Vanquished Creatures
  A dart slug (D:1)
  A giant gecko (D:1)
  2 bats (D:1)
  4 goblins
  2 hobgoblins (D:1)
  3 jackals
  A kobold (D:1)
  3 giant newts
  6 rats
23 creatures vanquished.

Notes
Turn   | Place    | Note
--------------------------------------------------------------
     0 | D:1      | vev the Vampire Venom Mage began the quest for the Orb.
     0 | D:1      | Reached XP level 1. HP: 13/13 MP: 3/3
   180 | D:1      | Reached XP level 2. HP: 18/19 MP: 5/5
   660 | D:2      | Noticed Sigmund
   666 | D:1      | Reached skill level 1 in Conjurations
  1114 | D:2      | Found a burning altar of Makhleb.
  1125 | D:2      | Became a worshipper of Makhleb the Destroyer
  1170 | D:2      | Slain by a worm

Vault maps used:
D:1:      dpeg_arrival_rooms_c, st_stairs_10
D:2:      old_standard_altar, grunt_ministairs_14, bloody_makhleb, uniq_sigmund

Skill      XL: |  1  2 |
---------------+-------+-----
Conjurations   | 1 |  1.0
Dodging        | |  2.1
Stealth        | |  3.7
Spellcasting   | |  2.2
Poison Magic   | |  3.7

Action                   || total
-------------------------++-------
Melee: Mace              ||    35
       Bite              ||     1
 Cast: Sting             ||    48
 Stab: Sleeping          ||     3
Armor: Robe              ||     8
Dodge: Dodged            ||    43
